 Dungeon Crawl Stone Soup version 0.28-a0-429-g1448048969 (webtiles) character file.

Game seed: 14620433531738326232

11741 lunkers the Thaumaturge (level 12, -5/98 HPs)
             Began as a Djinni Fire Elementalist on Sept 9, 2021.
             Was a Priest of Ashenzari.
             Collided with a briar patch (9 damage)
             ... caused by a swamp worm
             ... on level 1 of the Lair of Beasts on Sept 12, 2021.
             The game lasted 00:25:46 (15332 turns).

lunkers the Thaumaturge (Djinni Fire Elementalist) Turns: 15332, Time: 00:25:47

Health: -5/98      AC:  7    Str: 13    XL:     12   Next: 11%
Gold:   329        EV: 16    Int: 21    God:    Ashenzari [***...] SH: 10 Dex: 15

rFire   + + +      SeeInvis +   r - staff of fire
rCold   x . .      Faith    .   A - +0 buckler of the Elysian Seer {Cun, Melee} (curse)
rNeg    . . .      Spirit   .   F - +1 robe {Archmagi}
rPois   ∞          Reflect  +   p - +0 helmet "Thunder Perfect Mind" {Evo, Cun} (curse)
rElec   .          Harm     .   o - +1 cloak of the Ruined Moon {Evo, Self} (curse)
rCorr   .          Rampage  .   B - +0 pair of gloves of the Tethered Loss {Self, Range} (curse)
Will    +....      Archmagi +   (boots unavailable) Stlth ++........Clarity +
                                b - amulet of reflection
HPRegen 0.26/turn               t - ring "Share My Malaise" {Str+6, Evo, Self} (curse)
MPRegen 0.00/turn               u - ring of wizardry

@: flying
A: sickness immunity, fire resistance 2, cold vulnerability 1, float, innate
caster, hp casting, extra vitality 1
a: Renounce Religion, Shatter the Chains


You were on level 1 of the Lair of Beasts.
You worshipped Ashenzari.
Ashenzari was most pleased with you.
You visited 3 branches of the dungeon, and saw 12 of its levels.

You collected 542 gold pieces.
You spent 213 gold pieces at shops.

Inventory:

Hand Weapons
 n - a +3 quarterstaff of freezing
Armour
 m - a +2 leather armour of fire resistance
 o - the cursed +1 cloak of the Ruined Moon (worn) {Evo, Self}
   (You took it off Crazy Yiuf on level 2 of the Dungeon)

   It has a curse which improves the following skills: Evocations: Evocations.
   Introspection: Fighting and Spellcasting.
 p - the cursed +0 helmet "Thunder Perfect Mind" (worn) {Evo, Cun}
   (You found it on level 5 of the Dungeon)

   It has a curse which improves the following skills: Evocations: Evocations.
   Cunning:   Dodging and Stealth.
 y - the +1 leather armour of Space {Str+2}
   (You found it on level 5 of the Dungeon)

   Str:       It affects your strength (+2).
 z - the +2 leather armour of Eternal Vigilance {rElec rF+ rC- Str+3}
   (You found it on level 5 of the Dungeon)

   Str:       It affects your strength (+3).
   rF:        It protects you from fire.
   rC:        It makes you vulnerable to cold.
   rElec:     It insulates you from electricity.
 A - the cursed +0 buckler of the Elysian Seer (worn) {Cun, Melee}
   (You found it on level 8 of the Dungeon)

   It has a curse which improves the following skills: Cunning: Dodging and
   Stealth.
   Melee Combat: Short Blades, Long Blades, Axes, Maces & Flails, Polearms,
   Staves and Unarmed Combat.
 B - the cursed +0 pair of gloves of the Tethered Loss (worn) {Self, Range}
   (You found it on level 4 of the Dungeon)

   It has a curse which improves the following skills: Introspection: Fighting
   and Spellcasting.
   Ranged Combat: Slings, Bows, Crossbows and Throwing.
 D - a +0 robe of the Archmagi
 F - a +1 robe of the Archmagi (worn)
 L - the +1 robe "Gizecr Sehe" {rElec rF++ Str+4 Int-3}
   (You bought it in a shop on level 10 of the Dungeon)

   Str:       It affects your strength (+4).
   Int:       It affects your intelligence (-3).
   rF:        It greatly protects you from fire.
   rElec:     It insulates you from electricity.
Magical Staves
 r - a staff of fire (weapon)
Jewellery
 b - an amulet of reflection (around neck)
 t - the cursed ring "Share My Malaise" (left hand) {Str+6, Evo, Self}
   (You found it on level 4 of the Dungeon)

   [ring of strength]

   Str:       It affects your strength (+6).
   It has a curse which improves the following skills: Evocations: Evocations.
   Introspection: Fighting and Spellcasting.
 u - a ring of wizardry (right hand)
Wands
 s - a wand of flame (35)
 C - a wand of paralysis (7)
 J - a wand of mindburst (29)
 N - a wand of polymorph (7)
Scrolls
 e - 2 scrolls of teleportation
 i - 2 scrolls of vulnerability
 k - 4 scrolls of fog
 q - 5 scrolls of brand weapon
 w - a scroll of magic mapping
 E - a scroll of fear
 H - a scroll of silence
 I - a scroll of blinking
 K - a scroll of summoning
 M - 2 scrolls of immolation
Potions
 a - 2 potions of heal wounds
 c - 3 potions of cancellation
 d - 3 potions of curing
 f - 2 potions of lignification
 g - a potion of haste
 h - a potion of invisibility
 j - 2 potions of ambrosia
 l - a potion of attraction
 v - 2 potions of might
 x - a potion of berserk rage
 G - a potion of brilliance


   Skills:
 + Level 10.0(13.6) Fighting
 + Level 5.7(8.6) Dodging
 - Level 1.5(3.5) Stealth
 - Level 4.0 Shields
 * Level 11.1(14.6) Spellcasting


You had 13 spell levels left.
You knew the following spells:

 Your Spells              Type           Power      Damage    Failure   Level
a - Sandblast             Erth           100%       2d20      0%          1
b - Scorch                Fire           100%       2d10      0%          2
c - Conjure Flame         Conj/Fire      100%       6-21      1%          3
d - Inner Flame           Hex/Fire       100%       N/A       1%          3
e - Flame Wave            Conj/Fire      100%       3d16      1%          4
f - Foxfire               Conj/Fire      100%       2x1d9     0%          1
g - Wereblood             Tmut           86%        N/A       0%          2
h - Poisonous Vapours     Pois/Air       100%       N/A       0%          2
i - Cause Fear            Hex            43%        N/A       1%          4
j - Alistair's Intoxicat  Tmut/Pois      57%        N/A       1%          5
Your spell library was empty.

Dungeon Overview and Level Annotations

Branches:
Dungeon (10/15)            Temple (1/1) D:5            Lair (1/6) D:8
    Orc: D:9-12

Altars:
Ashenzari
Cheibriados
Dithmenos
Elyvilon
Fedhas
Gozag
Hepliaklqana
Kikubaaqudgha
Makhleb
Nemelex Xobeh
Okawaru
Qazlal
Ru
Sif Muna
Trog
Uskayaw
Vehumet
Wu Jian
Xom
Yredelemnul
Zin
The Shining One

Shops:
D:3 (   D:7 *   D:10 *

Annotations:
D:10 2 transporters, RepHenryClay's ghost, journeyman DECj
Lair:1 1 transporter


Innate Abilities, Weirdness & Mutations

You are immune to sickness and miasma.
You are immune to poison.
Your flesh is very heat resistant. (rF++)
You are vulnerable to cold. (rC-)
You float through the air rather than walking.
You learn spells naturally, not from books.
Your magical power is your life essence.
You have superior vitality. (+4 HP)


Message History

The swamp worm is moderately wounded.
The swamp worm's fire resistance burns away.
* * * LOW HITPOINT WARNING * * *
You block the swamp worm's attack.
Casting: Scorch (safe; 0% risk of failure)
Press: ? - help, Q - select action, (/) - cycle Dir - look around, f - activate You feel a strong surge of power!
Flames lash the swamp worm.
The swamp worm is burned terribly!
The swamp worm is severely wounded.
* * * LOW HITPOINT WARNING * * *
The swamp worm bites you!!
* * * LOW HITPOINT WARNING * * *
Casting: Scorch (safe; 0% risk of failure)
Press: ? - help, Q - select action, (/) - cycle Dir - look around, f - activate You feel a strong surge of power!
Flames lash the swamp worm.
The swamp worm is burned terribly!
The swamp worm is severely wounded.
* * * LOW HITPOINT WARNING * * *
You block the swamp worm's attack.
Unknown command.
Casting: Scorch (safe; 0% risk of failure)
Press: ? - help, Q - select action, (/) - cycle Dir - look around, f - activate You feel a strong surge of power!
Flames lash the swamp worm.
The swamp worm is burned terribly!
You kill the swamp worm!
* * * LOW HITPOINT WARNING * * *
The swamp worm fires a harpoon shot at you.
The harpoon shot hits you.
* * * LOW HITPOINT WARNING * * *
You are yanked forward by the harpoon shot.
You collide with the briar patch!
* * * LOW HITPOINT WARNING * * *
You see here a swamp worm corpse.
A swamp worm is nearby!
The swamp worm fires a harpoon shot at you.
The harpoon shot hits you.
* * * LOW HITPOINT WARNING * * *
You are yanked forward by the harpoon shot.
You collide with the briar patch!
You die...

...#........#####...........#P.#.
#..#......###P©P###.............#
....#.....##§P§P≈♣#............##
?...#.....#.≈P§P≈##............P#
..#..#....##§P§§≈.#.............#
..#..#....#♣§P^○###............#.
..#.......###§^P§♣#............##
..#..#.#..#w≈P^P≈##............##
..#..###..##≈P☼P@†#.......#....#.
....#.##..####+####..##....#.....
.....####...#)))#...###.##.######
##.### ###.#[©=#...######## #..
#..# #.#####..#.##....# #.. ..##
#...©............# #.. ..#
########..........######. ###
##..................##...#
####.......................#.


You could see a swamp worm.

Vanquished Creatures
  2 hydras (Lair:1)
  3 death yaks (D:8)
  3 cane toads (Lair:1)
  2 kobold demonologists
  A komodo dragon (Lair:1)
  2 trolls
  3 blink frogs (Lair:1)
  5 yaks (D:10)
  A vampire (D:10)
  2 steam dragons (D:8)
  2 water moccasins
  3 swamp worms (Lair:1)
  3 ice beasts
  2 orc warriors
  4 sky beasts (D:8)
  A black bear (D:6)
  2 necrophages
  2 phantoms (D:5)
  6 centaurs
  A kobold brigand (D:9)
  3 bullfrogs
  A gnoll sergeant (D:8)
  2 wyvern zombies
  9 scorpions
  A wyvern skeleton (D:7)
  The ghost of yellowboar the Chucker, a weakling OgHu (D:3)
  9 killer bees
  2 centaur zombies
  6 hounds
  2 jellies
  A gnoll shaman (D:8)
  Crazy Yiuf (D:2)
  2 bullfrog skeletons
  3 iguanas
  4 orc wizards
  A scorpion zombie (D:5)
  Natasha (thrice) (D:2)
  A hell rat (D:8)
  A killer bee zombie (D:7)
  A hound skeleton (D:4)
  A howler monkey skeleton (D:6)
  8 gnolls (D:8)
  8 adders
  A shadow imp (D:5)
  2 white imps
  An ufetubus (D:4)
  An adder skeleton (D:4)
  A worm (D:4)
  4 dart slugs
  27 orcs
  5 ball pythons
  4 bats
  10 endoplasms
  6 giant cockroaches
  6 goblins
  5 hobgoblins
  7 jackals
  12 kobolds
  12 quokkas
  A frilled lizard (D:2)
  5 rats
231 creatures vanquished.

Vanquished Creatures (others)
  A briar patch (Lair:1)
  354 foxfires
  A plant (Lair:1)
356 creatures vanquished.

Grand Total: 587 creatures vanquished

Notes
Turn   | Place    | Note
-------+----------+-------------------------------------------
     0 | D:1      | lunkers the Djinni Fire Elementalist began the quest for
                  | the Orb.
     0 | D:1      | Reached XP level 1. HP: 15/15 MP: 0/0
   269 | D:1      | Reached XP level 2. HP: 18/22 MP: 0/0
   547 | D:1      | Reached skill level 1 in Fighting
   820 | D:1      | Reached XP level 3. HP: 25/27 MP: 0/0
   820 | D:1      | Learned a level 1 spell: Sandblast
   823 | D:1      | Reached skill level 3 in Spellcasting
  1717 | D:1      | Found a faded altar of an unknown god.
  2059 | D:2      | Reached XP level 4. HP: 29/32 MP: 0/0
  2496 | D:2      | Noticed Natasha
  2498 | D:2      | Killed Natasha
  2499 | D:2      | Reached XP level 5. HP: 25/38 MP: 0/0
  2499 | D:2      | Learned a level 2 spell: Wereblood
  2848 | D:2      | Found a runed translucent door.
  2849 | D:2      | Noticed Crazy Yiuf
  3233 | D:2      | Noticed Natasha
  3235 | D:2      | Killed Natasha
  3283 | D:2      | Noticed Natasha
  3288 | D:2      | Killed Natasha
  3289 | D:2      | Reached skill level 4 in Spellcasting
  3523 | D:2      | Killed Crazy Yiuf
  3708 | D:3      | Found Laymmeeg's Weapon Shoppe.
  3736 | D:3      | Found a runed translucent gate.
  3736 | D:3      | Found a runed translucent gate.
  3737 | D:3      | Found a runed translucent gate.
  3740 | D:3      | Noticed yellowboar's ghost (weakling OgHu)
  3764 | D:3      | Reached XP level 6. HP: 27/45 MP: 0/0
  4229 | D:3      | Upgraded the game from 0.28-a0-425-gd0eccab798 to
                  | 0.28-a0-429-g1448048969
  4535 | D:3      | Killed yellowboar's ghost
  4788 | D:4      | Reached XP level 7. HP: 44/51 MP: 0/0
  4788 | D:4      | Learned a level 2 spell: Poisonous Vapours
  4932 | D:4      | Reached skill level 5 in Spellcasting
  5356 | D:4      | You are sucked into a shaft and drop 2 floors!
  5696 | D:6      | Reached XP level 8. HP: 50/58 MP: 0/0
  5874 | D:6      | Reached skill level 6 in Spellcasting
  6007 | D:6      | Reached skill level 5 in Fighting
  6342 | D:6      | Found a white marble altar of Elyvilon.
  7005 | D:5      | Entered Level 5 of the Dungeon
  7012 | D:5      | Identified the +1 leather armour of Space {Str+2}
  7031 | D:5      | Identified the +2 leather armour of Eternal Vigilance
                  | {rElec rF+ rC- Str+3}
  7501 | D:4      | Reached skill level 7 in Spellcasting
  7501 | D:4      | Reached XP level 9. HP: 54/66 MP: 0/0
  7501 | D:4      | Learned a level 4 spell: Cause Fear
  8385 | D:7      | Identified 2 scrolls of acquirement
  8385 | D:7      | Acquired a staff of fire
  8390 | D:7      | Acquired an amulet of reflection
  8462 | D:7      | Identified the +5 scimitar of the Turnip {vorpal, Will-
                  | Str+3 Int+4}
  8577 | D:7      | Found Daexiw's General Store.
  9201 | D:5      | Reached skill level 8 in Spellcasting
  9399 | D:5      | Found a staircase to the Ecumenical Temple.
  9421 | Temple   | Entered the Ecumenical Temple
  9604 | Temple   | Became a worshipper of Ashenzari the Shackled
 10085 | D:8      | Reached XP level 10. HP: 57/75 MP: 0/0
 10261 | D:8      | Reached skill level 9 in Spellcasting
 10378 | D:8      | Noticed a death yak
 10411 | D:8      | Noticed a death yak
 10412 | D:8      | Noticed a death yak
 10419 | D:8      | Killed a death yak
 10440 | D:8      | Killed a death yak
 10445 | D:8      | Killed a death yak
 10446 | D:8      | Reached skill level 10 in Spellcasting
 11297 | D:8      | Found a staircase to the Lair.
 11710 | D:8      | Found a glowing golden altar of the Shining One.
 11711 | D:8      | Found a hide-covered altar of Uskayaw.
 11914 | D:8      | Reached skill level 1 in Shields
 11914 | D:8      | Reached XP level 11. HP: 78/84 MP: 0/0
 11914 | D:8      | Learned a level 5 spell: Alistair's Intoxication
 12529 | D:9      | Reached * piety under Ashenzari
 12864 | D:9      | Found a sacrificial altar of Ru.
 13052 | D:10     | Entered Level 10 of the Dungeon
 13330 | D:10     | Reached ** piety under Ashenzari
 13359 | D:10     | Found Eruskac's Assorted Antiques.
 13367 | D:10     | Bought a slimy robe for 119 gold pieces
 13367 | D:10     | Identified the +1 robe "Gizecr Sehe" {rElec rF++ Str+4
                  | Int-3} (You bought it in a shop on level 10 of the Dungeon)
 13367 | D:10     | Bought a scroll labelled TEOJOT BOEPH for 21 gold pieces
 13367 | D:10     | Bought a scroll of immolation for 73 gold pieces
 13482 | D:10     | Noticed RepHenryClay's ghost (journeyman DECj)
 13551 | D:10     | Found a transporter.
 13552 | D:10     | Found a transporter.
 13836 | D:10     | Reached *** piety under Ashenzari
 14100 | Lair:1   | Entered Level 1 of the Lair of Beasts
 14427 | Lair:1   | Noticed a five-headed hydra
 14434 | Lair:1   | Killed a five-headed hydra
 14534 | Lair:1   | Reached skill level 5 in Dodging
 14606 | Lair:1   | Noticed a seven-headed hydra
 14614 | Lair:1   | Killed a seven-headed hydra
 14615 | Lair:1   | Reached skill level 11 in Spellcasting
 14615 | Lair:1   | Reached XP level 12. HP: 88/96 MP: 0/0
 14762 | Lair:1   | Found a transporter.
 14976 | Lair:1   | Found a transporter.
 14976 | Lair:1   | Identified the +2 helmet of the Barracuda {rC+ Will-
                  | Slay+5}
 15124 | Lair:1   | Reached skill level 10 in Fighting
 15332 | Lair:1   | HP: 4/98 [swamp worm/harpoon shot (2)]
 15332 | Lair:1   | Collided with a briar patch

Illustrated notes

Levels and vault maps discovered:
D:1:      eino_arrival_water_star, layout_basic,
          hellmonk_ecumenical_altar_inner_sanctum, grunt_decor_mini_mirrors,
          chequers_arboretum, minmay_pentomino_u2
D:2:      minmay_chambers_of_ones, layout_basic, uniq_natasha,
          uniq_crazy_yiuf_cottage
D:3:      layout_basic, serial_shops, shop, ebering_ghost_rock_garden
D:4:      layout_cave_pods, minmay_diced_spiral
D:5:      layout_loops_ring, minmay_temple_entry_waves
D:6:      layout_basic, mainiacjoe_overflow_six_doors_small,
          kb_lookout_dungeons_type
D:7:      layout_loops_ring, serial_shops, shop, grunt_decor_cap
D:8:      layout_cave_pods, minitemple, dpeg_lair_monsters, hangedman_misty_isle
D:9:      layout_basic, grunt_temple_overflow_open
D:10:     layout_small_grid, marbit_many_paths, serial_shops,
          nicolae_shop_behind_doors, gammafunk_ghost_hive
Temple:   eino_temple_scatter_basement
Lair:1:   gammafunk_worm_tunnel, layout_cave_shapes, minivault_19,
          grunt_megastairs_2, infiniplex_staircase_pool_2

Skill      XL: |  1  2  3  4  5  6  7  8  9 10 11 12 |
---------------+-------------------------------------+-----
Fighting       | 1 2 3 4 5 7 8 9 10 | 10.0
Spellcasting   | 3 4 5 7 8 10 11 | 11.1
Shields        | 1 4 |  4.0
Dodging        | 5 |  5.7
Stealth        | |  1.5

Action                   |  1- 3 |  4- 6 |  7- 9 | 10-12 || total
-------------------------+-------+-------+-------+-------++-------
Melee: Unarmed           |     2 |       |       |       ||     2
       Staff             |       |       |    16 |    11 ||    27
 Cast: Foxfire           |    86 |    30 |    68 |    11 ||   195
       Scorch            |     4 |    51 |   111 |   104 ||   270
       Flame Wave        |       |       |     6 |    29 ||    35
       Alistair's Intoxi |       |       |       |     1 ||     1
Invok: Curse Item        |       |       |       |     5 ||     5
  Use: Scroll            |       |     1 |    16 |       ||    17
 Stab: Sleeping          |       |       |     1 |       ||     1
Armor: Robe              |     2 |       |       |     6 ||     8
       Leather armour    |       |     3 |    25 |     2 ||    30
Dodge: Dodged            |    12 |    11 |    39 |    26 ||    88
Block: Other             |       |       |     7 |     2 ||     9
       Buckler           |       |       |       |    23 ||    23
       Reflection        |       |       |       |     3 ||     3

Table legend: (Time is in decaauts)
 A = Elapsed time spent in this place.
 B = Non-inter-level travel time spent in this place.
 C = Inter-level travel time spent in this place.
 D = Time resting spent in this place.
 E = Time spent auto-exploring this place.
 F = Levels seen in this place.
 G = Mean time per level.
                   A        B        C        D        E       F      G
               +--------+--------+--------+--------+--------+-----+--------+
         Total |  15342 |  14545 |    797 |   1149 |  11641 |  12 | 1278.5 |
       Dungeon |  14115 |  13371 |    744 |   1094 |  10860 |  10 | 1411.5 |
        Temple |    194 |    170 |     24 |      0 |    155 |   1 |  194.0 |
          Lair |   1032 |   1004 |     28 |     55 |    626 |   1 | 1032.0 |
               +--------+--------+--------+--------+--------+-----+--------+

Top non-repeatable levels by time:
     D:8: 2223 daAuts
     D:6: 1987 daAuts
     D:2: 1840 daAuts
     D:1: 1735 daAuts
     D:4: 1462 daAuts
     D:3: 1067 daAuts
  Lair:1: 1032 daAuts
    D:10: 1015 daAuts
     D:7: 986 daAuts
     D:5: 904 daAuts
     D:9: 891 daAuts
  Temple: 194 daAuts
